Map: Frozen Temple

Players

uThermal - Winner!

  • Race: Terran Terran

Snute

  • Race: Zerg Zerg

Event: IEM Season 11 - Shanghai

VOD

https://youtu.be/bpxzrGbnC_0

Description

Time

  • Played on: July 28, 2016, 6:24 a.m.
  • Length: 3:27

All games in this series

Show
View Real Time Build Order
Export as new Build Order

uThermal Terran - Winner!

Build Orders:  

Get SALT Encoding   

  12  0:10  Supply Depot  
  12  0:14  SCV  
  13  0:36  Barracks  
  13  0:39  Refinery  
  13  0:55  Barracks  
  13  1:00  SCV  
  14  1:23  Reaper  
  14  1:24  Barracks  
  15  1:31  Refinery  
  15  1:42  Reaper  
  16  1:48  Bunker  
  16  1:58  Reaper  
  17  2:12  Reaper  
  18  2:16  Reaper  
  19  2:36  Supply Depot  
  19  2:38  Reaper  
  18  2:51  Reaper  
Show
View Real Time Build Order
Export as new Build Order

Snute Zerg 

Build Orders: Hatch First 

Get SALT Encoding   

  12  0:00  Drone  
  13  0:12  Overlord  
  13  0:18  Drone  
  14  0:31  Drone x2  
  14  0:34  Drone  
  17  0:52  Hatchery  
  17  0:55  Drone  
  17  0:59  Drone  
  17  1:02  Extractor  
  17  1:14  Spawning Pool  
  17  1:16  Drone  
  17  1:20  Drone  
  18  1:28  Drone  
  19  1:38  Overlord  
  19  1:50  Drone  
  20  2:00  Queen  
  20  2:01  Metabolic Boost, Zergling x2  
  22  2:11  Spine Crawler, Zergling x2  
  22  2:16  Zergling x4  
  23  2:23  Queen  
  23  2:27  Zergling x2  
  24  2:40  Zergling x4  
  25  2:47  Zergling x2  
  25  2:51  Zergling x2  
  26  2:56  Zergling x2  

Tags
 
Add a new tag
Caveats
  • Supply blocks, unpowered buildings, or Contaminate may cause inaccurate times.
  • Supply counts are checked every 10 seconds.